 Dungeon Sprint DCSS version 0.28-a0-895-g6e5f11bd55 (webtiles) character file.

Game seed: 3456567543965549195

18799 Turgor the Warrior (level 12, -3/130 HPs)
             Began as a Minotaur Berserker on Nov 22, 2021.
             Was the Champion of Trog.
             Slain by the 26-headed Lernaean hydra (4 damage)
             ... in the Dungeon (Sprint I: "Red Sonja").
             The game lasted 00:24:14 (2724 turns).

Turgor the Warrior (Minotaur Berserker)             Turns: 2724, Time: 00:24:15

Health: -3/130     AC: 17    Str: 24      XL:     12   Next: 30%
Magic:  3/3        EV: 15    Int:  6 (7)  God:    Trog [******]
Gold:   493        SH:  0    Dex: 11      Spells: 11/11 levels left

rFire   + . .      SeeInvis .   t - +8 Wrath of Trog {antimagic, *Rage Rampage}
rCold   . . .      Faith    .   (shield currently unavailable)
rNeg    . . .      Spirit   .   k - +2 chain mail {rF+}
rPois   .          Reflect  .   n - +1 hat
rElec   .          Harm     .   (no cloak)
rCorr   .          Rampage  +   p - +2 pair of gloves {Dex+3}
Will    .....      Rage     51% (no boots)
Stlth   .......... NoTele   +   (no amulet)
HPRegen 0.31/turn               (no ring)
MPRegen 0.08/turn               (no ring)

@: corroded, on berserk cooldown, slowed, very slow
A: horns 2, retaliatory headbutt, berserk 1, clumsy 1, deterioration 2, mutation
resistance 1, subdued magic 1
a: Renounce Religion, Berserk, Trog's Hand, Brothers in Arms


You were in the Dungeon.
You worshipped Trog.
Trog was exalted by your worship.
You visited 1 branch You collected 1212 gold pieces.
You spent 719 gold pieces at shops.

Inventory:

Hand Weapons
 a - a +0 hand axe
 h - a +3 battleaxe of flaming
 o - a +3 vorpal quarterstaff
 q - a +6 vorpal battleaxe
 s - a +2 executioner's axe
 t - the +8 Wrath of Trog (weapon) {antimagic, *Rage Rampage}
   (You took it off a deep elf annihilator in the Dungeon)

   It reduces the magical energy of the wielder, and disrupts the spells and
   magical abilities of those it strikes.
   Natural abilities and divine invocations are not affected.
   It causes slowness and exhaustion when equipped.
   It extends the wielder's berserk rage when killing foes.
   *Rage:     It berserks you when you make melee attacks (+50% chance).
   Rampage:   It bestows one free step when moving towards enemies.
Missiles
 i - 3 curare-tipped darts (quivered)
 j - 53 stones
Armour
 k - a +2 chain mail of fire resistance (worn)
 n - a +1 hat (worn)
 p - a +2 pair of gloves of dexterity (worn)
Scrolls
 d - a scroll of amnesia {unknown}
 l - a scroll of holy word {unknown}
 m - a scroll of fear {unknown}
Potions
 b - 2 potions of lignification {unknown}
 c - a potion of curing
 e - a potion of haste
 f - 3 potions of magic
 g - a potion of berserk rage
 r - a potion of brilliance {unknown}


   Skills:
 * Level 19.5 Fighting
 * Level 19.4 Axes
 + Level 18.9 Armour
 + Level 17.5 Dodging


You had 11 spell levels left.
You didn't know any spells.
Your spell library was empty.

Dungeon Overview and Level Annotations

Branches:
Dungeon (1/1)

Altars:
Cheibriados
Dithmenos
Elyvilon
Fedhas
Gozag
Hepliaklqana
Kikubaaqudgha
Makhleb
Nemelex Xobeh
Okawaru
Qazlal
Ru
Sif Muna
Trog
Uskayaw
Vehumet
Wu Jian
Xom
Yredelemnul
Zin
The Shining One
Jiyva
Lugonu

Shops:
D [[[

Annotations:
D exclusion: oklob plant, Lernaean hydra, Tiamat


Innate Abilities, Weirdness & Mutations

You have a pair of horns on your head.
You reflexively headbutt those who attack you in melee.
You tend to lose your temper in combat.
You are clumsy. (Dex -2)
Your body often deteriorates upon taking damage.
You are somewhat resistant to further mutation.
Your spells are a little easier to cast, but a little less powerful.


Message History

You feel yourself speed up. The oklob plant spits acid at you.
The splash of acid hits you!!
Your body deteriorates!
You feel dopey. The acid corrodes you!
You feel your anger nearly subside.
You are no longer berserk.
You are exhausted.
You feel yourself slow down.
The mummy priest prays to its god.
The ball python skeleton closely misses you.
You furiously retaliate!
You headbutt the ball python skeleton!
You destroy the ball python skeleton!
The ball python skeleton disappears in a puff of smoke!
The adder skeleton closely misses you.
Things that are here:
a +0 spear; a merfolk skeleton The jiangshi claws you but does no damage. x2
There is a broken door, spattered with blood here.
You see here an elf skeleton.
As you close the door, it creaks loudly!
The jiangshi claws you!
* * * LOW HITPOINT WARNING * * *
The jiangshi draws strength from your injuries!
The jiangshi closely misses you. The jiangshi claws you!
* * * LOW HITPOINT WARNING * * *
The jiangshi draws strength from your injuries!
The jiangshi claws you!
* * * LOW HITPOINT WARNING * * *
The jiangshi draws strength from your injuries!
You chop one of the 27-headed Lernaean hydra's heads off!
You slash the 26-headed Lernaean hydra!
The 26-headed Lernaean hydra is lightly wounded.
The 26-headed Lernaean hydra bites you but does no damage.
The 26-headed Lernaean hydra barely misses you.
The 26-headed Lernaean hydra misses you. x2
The 26-headed Lernaean hydra bites you.
* * * LOW HITPOINT WARNING * * *
The 26-headed Lernaean hydra bites you.
You die...

###################
#.§§)§..§§..+÷.#..+
#.####...§§##..+@.#
#§# ##§§.#######D#
§.# ###'# $!##ZV#
### #§##$$$#))##
#..###$#..≈### °
##.#A#$#..≈.)# ..
#..###$#..≈.## ..#
#.##..$#..≈## .##
#..#+###..≈#


You could see the 26-headed Lernaean hydra and a jiangshi (summoned).

Vanquished Creatures
  4 fire giants (D)
  A deep elf annihilator (D)
  A hydra (D)
  2 centaur warriors (D)
  Sonja (D)
  A deep troll (D)
  A lindwurm (D)
  8 shining eyes (D)
  2 gargoyles (D)
  2 kobold demonologists (D)
  5 unseen horrors (D)
  4 demonic crawlers (D)
  A hellwing (D)
  2 hornets (D)
  A slime creature (D)
  Sigmund (D)
  A yak (D)
  13 hogs (D)
  6 floating eyes (D)
  An ogre (D)
  A jelly (D)
  Ijyb (D)
60 creatures vanquished.

Vanquished Creatures (collateral kills)
  2 merfolk sirens (D)
  2 hornets (D)
4 creatures vanquished.

Vanquished Creatures (others)
  2 ballistomycete spores (D)
2 creatures vanquished.

Grand Total: 66 creatures vanquished

Notes
Turn   | Place    | Note
-------+----------+-------------------------------------------
     0 | D        | Turgor the Minotaur Berserker began the quest for the Orb.
     0 | D        | Reached XP level 1. HP: 19/19 MP: 0/0
     1 | D        | Noticed Ijyb
     7 | D        | Killed Ijyb
     8 | D        | Reached XP level 2. HP: 28/28 MP: 1/1
    92 | D        | Noticed an ogre
    97 | D        | Killed an ogre
    98 | D        | Reached skill level 5 in Armour
    98 | D        | Reached skill level 5 in Dodging
    98 | D        | Reached XP level 3. HP: 29/38 MP: 2/2
    98 | D        | Reached XP level 4. HP: 34/45 MP: 3/3
   236 | D        | Noticed Sigmund
   244 | D        | Killed Sigmund
   244 | D        | Reached ** piety under Trog
   245 | D        | Reached XP level 5. HP: 55/55 MP: 4/4
   245 | D        | Reached XP level 6. HP: 62/62 MP: 5/5
   295 | D        | Found a shimmering blue altar of Sif Muna.
   296 | D        | Found an ornate altar of the Wu Jian Council.
   297 | D        | Found a radiant altar of Vehumet.
   355 | D        | Found Fimixko's Armour Emporium.
   355 | D        | Found an ancient bone altar of Kikubaaqudgha.
   355 | D        | Found a hazy altar of Hepliaklqana.
   355 | D        | Found a hide-covered altar of Uskayaw.
   355 | D        | Found a basalt altar of Yredelemnul.
   355 | D        | Found an opulent altar of Gozag.
   355 | D        | Found a snail-covered altar of Cheibriados.
   355 | D        | Found a sacrificial altar of Ru.
   355 | D        | Found a shadowy altar of Dithmenos.
   355 | D        | Noticed a yak
   361 | D        | Killed a yak
   362 | D        | Found a stormy altar of Qazlal.
   362 | D        | Found a blossoming altar of Fedhas.
   362 | D        | Found a bloodstained altar of Trog.
   362 | D        | Found an iron altar of Okawaru.
   362 | D        | Found a glowing golden altar of the Shining One.
   362 | D        | Found a glowing silver altar of Zin.
   362 | D        | Found a white marble altar of Elyvilon.
   363 | D        | Found a sparkling altar of Nemelex Xobeh.
   367 | D        | Bought a +2 chain mail of fire resistance for 301 gold
                  | pieces
   394 | D        | Noticed Sonja
   402 | D        | Killed Sonja
   402 | D        | Reached *** piety under Trog
   403 | D        | Reached skill level 10 in Armour
   403 | D        | Reached XP level 7. HP: 63/74 MP: 6/6
   670 | D        | Found a burning altar of Makhleb.
   670 | D        | Found a viscous altar of Jiyva.
   670 | D        | Found a shimmering altar of Xom.
   670 | D        | Found a corrupted altar of Lugonu.
   670 | D        | Noticed a slime creature
   677 | D        | Killed a slime creature
   678 | D        | Reached skill level 10 in Dodging
   678 | D        | Reached XP level 8. HP: 82/82 MP: 7/7
   723 | D        | Noticed a centaur warrior
   725 | D        | Noticed a centaur warrior
   734 | D        | Killed a centaur warrior
   736 | D        | Killed a centaur warrior
   737 | D        | Reached XP level 9. HP: 93/93 MP: 8/8
   819 | D        | Noticed a deep troll
   826 | D        | Killed a deep troll
   915 | D        | Found Duzidd's Antique Armour Boutique.
   923 | D        | Bought a glowing hat for 182 gold pieces
   975 | D        | Noticed a shining eye
   975 | D        | Noticed a shining eye
   975 | D        | Noticed a shining eye
   976 | D        | Gained mutation: You tend to lose your temper in combat. [a
                  | shining eye]
   976 | D        | Noticed a shining eye
   980 | D        | Paralysed by a floating eye for 3 turns
   980 | D        | Noticed a shining eye
   983 | D        | Reached **** piety under Trog
   983 | D        | Gained mutation: Your spells are a little easier to cast,
                  | but a little less powerful. [a shining eye]
   985 | D        | Killed a shining eye
   988 | D        | Lost mutation: Your spells are a little easier to cast, but
                  | a little less powerful. [a shining eye]
   990 | D        | Gained mutation: You are clumsy. (Dex -2) [a shining eye]
   991 | D        | Paralysed by a floating eye for 2 turns
   991 | D        | Gained mutation: Your spells are a little easier to cast,
                  | but a little less powerful. [a shining eye]
   993 | D        | Gained mutation: Your body sometimes deteriorates upon
                  | taking damage. [a shining eye]
   994 | D        | Killed a shining eye
   998 | D        | Killed a shining eye
   999 | D        | Reached XP level 10. HP: 104/104 MP: 9/9
  1000 | D        | Gained mutation: Your body often deteriorates upon taking
                  | damage. [a shining eye]
  1001 | D        | Killed a shining eye
  1001 | D        | Reached ***** piety under Trog
  1003 | D        | Noticed a shining eye
  1009 | D        | Killed a shining eye
  1010 | D        | Reached skill level 15 in Fighting
  1010 | D        | Reached skill level 15 in Axes
  1038 | D        | Gained mutation: You are somewhat resistant to further
                  | mutation. [a shining eye]
  1044 | D        | Killed a shining eye
  1044 | D        | Received a gift from Trog
  1044 | D        | Paralysed by a floating eye for 3 turns
  1045 | D        | Reached skill level 15 in Armour
  1050 | D        | Noticed a shining eye
  1050 | D        | Noticed a shining eye
  1062 | D        | Killed a shining eye
  1068 | D        | Killed a shining eye
  1135 | D        | Found Zarphoir's Armour Emporium.
  1142 | D        | Bought a +2 pair of gloves of dexterity for 236 gold pieces
  1180 | D        | Paralysed by a floating eye for 4 turns
  1186 | D        | Noticed a rust devil
  1188 | D        | Noticed a soul eater
  1266 | D        | Received a gift from Trog
  1623 | D        | Reached XP level 11. HP: 114/114 MP: 10/10
  1750 | D        | Reached skill level 15 in Dodging
  1760 | D        | Noticed a lindwurm
  1764 | D        | Killed a lindwurm
  1839 | D        | Received a gift from Trog
  1864 | D        | Reached ****** piety under Trog
  1864 | D        | Received a gift from Trog
  1881 | D        | Noticed a daeva
  2205 | D        | Noticed a fire giant
  2206 | D        | Noticed a fire giant
  2208 | D        | Noticed a fire giant
  2213 | D        | Killed a fire giant
  2213 | D        | Received a gift from Trog
  2218 | D        | Killed a fire giant
  2223 | D        | Killed a fire giant
  2259 | D        | Noticed a fire giant
  2277 | D        | Killed a fire giant
  2278 | D        | Reached XP level 12. HP: 128/128 MP: 11/11
  2340 | D        | Found the +4 dragonskin cloak
  2340 | D        | Noticed Tiamat
  2388 | D        | Noticed a 12-headed hydra
  2393 | D        | Killed a nine-headed hydra
  2395 | D        | Received a gift from Trog
  2539 | D        | Noticed a deep elf annihilator
  2547 | D        | Killed a deep elf annihilator
  2547 | D        | Received a gift from Trog
  2556 | D        | Noticed a mummy priest
  2605 | D        | Noticed the 27-headed Lernaean hydra
  2716 | D        | Noticed a jiangshi
  2723 | D        | HP: 6/130 [jiangshi[a mummy priest] (14)]
  2724 | D        | HP: 1/130 [the 26-headed Lernaean hydra (5)]
  2724 | D        | Slain by the 26-headed Lernaean hydra

Illustrated notes

Levels and vault maps discovered:
D:        dungeon_sprint_1 [red_sonja_temple_1, red_sonja_temple_small_1]

Skill      XL: |  1  2  3  4  5  6  7  8  9 10 11 12 |
---------------+-------------------------------------+-----
Fighting       | 4 6 8 11 13 14 16 18 19 | 19.5
Axes           | 4 6 8 11 13 14 16 18 19 | 19.4
Armour         | 4 5 7 10 11 12 14 16 18 | 18.9
Dodging        | 3 5 7 9 10 11 13 14 17 | 17.5

Action                   |  1- 3 |  4- 6 |  7- 9 | 10-12 || total
-------------------------+-------+-------+-------+-------++-------
Melee: Hand axe          |     8 |    14 |    36 |    31 ||    89
       Headbutt          |     1 |     1 |    10 |    40 ||    52
       Quarterstaff      |       |       |       |    46 ||    46
       Battleaxe         |       |       |       |    92 ||    92
Throw: Dart              |       |       |       |     1 ||     1
Invok: Berserk           |     2 |     4 |     4 |     9 ||    19
       Trog's Hand       |       |       |       |     3 ||     3
       Brothers in Arms  |       |       |       |     3 ||     3
  Use: Potion            |       |       |       |     6 ||     6
       Scroll            |       |       |       |     1 ||     1
 Stab: Distracted        |       |       |       |     1 ||     1
Armor: Animal skin       |     1 |       |       |       ||     1
       Scale mail        |       |     2 |       |       ||     2
       Chain mail        |       |     3 |    11 |   153 ||   167
Dodge: Dodged            |     1 |     9 |     9 |   128 ||   147

Table legend: (Time is in decaauts)
 A = Elapsed time spent in this place.
 B = Non-inter-level travel time spent in this place.
 C = Inter-level travel time spent in this place.
 D = Time resting spent in this place.
 E = Time spent auto-exploring this place.
 F = Levels seen in this place.
 G = Mean time per level.
                   A        B        C        D        E       F      G
               +--------+--------+--------+--------+--------+-----+--------+
         Total |   2910 |   2910 |      0 |   1950 |      0 |   1 | 2910.0 |
       Dungeon |   2910 |   2910 |      0 |   1950 |      0 |   1 | 2910.0 |
               +--------+--------+--------+--------+--------+-----+--------+

Top non-repeatable levels by time:
       D: 2910 daAuts
